 Dungeon Crawl Stone Soup version 0.24.1-14-gf8d2b509d9 (webtiles) character file.

Game seed: 12724510791569268358, levelgen mode: deterministic

806 Peloso the Shield-Bearer (level 7, 0/60 HPs)
             Began as a Gnoll Fighter on May 16, 2020.
             Was a Follower of Okawaru.
             Shot with an arrow by a centaur (2 damage)
             ... on level 7 of the Dungeon.
             The game lasted 00:09:02 (4682 turns).

Peloso the Shield-Bearer (Gnoll Fighter)            Turns: 4682, Time: 00:09:05

Health: 0/60       AC: 12    Str: 21    XL:     7   Next: 91%
Magic:  11/11      EV:  7    Int: 10    God:    Okawaru [*.....]
Gold:   308        SH: 11    Dex: 14    Spells: 11/11 levels left

rFire    . . .     SeeInvis .   a - +0 long sword
rCold    . . .     Gourm    .   c - +0 shield
rNeg     . . .     Faith    .   t - +0 chain mail (curse)
rPois    .         Spirit   .   (no helmet)
rElec    .         Reflect  .   y - +0 cloak
rCorr    .         Harm     .   (no gloves)
MR       +....                  (no boots)
Stlth    ..........             (no amulet)
HPRegen  0.20/turn              x - ring of protection from magic
MPRegen  0.12/turn              m - +1 ring of protection

@: no status effects
A: distributed training, fangs 1, strong nose
a: Heroism, Renounce Religion


You were on level 7 of the Dungeon.
You worshipped Okawaru.
Okawaru was aware of your devotion.
You were not hungry.

You visited 2 branches of the dungeon, and saw 8 of its levels.

You collected 308 gold pieces.

Inventory:

Hand Weapons
 a - a +0 long sword (weapon)
Armour
 b - a +0 scale mail
 c - a +0 shield (worn)
 t - a cursed +0 chain mail (worn)
 y - a +0 cloak (worn)
Jewellery
 g - an uncursed ring of protection from fire
 m - a +1 ring of protection (right hand)
 s - an uncursed ring of ice
 x - a ring of protection from magic (left hand)
Wands
 q - a wand of flame (14)
 r - a wand of enslavement (10)
 z - a wand of polymorph (9)
Scrolls
 e - 2 scrolls of blinking {unknown}
 h - 3 scrolls of random uselessness {unknown}
 j - 11 scrolls of identify {unknown}
 k - 5 scrolls of remove curse {unknown}
 l - 4 scrolls of teleportation {unknown}
 n - 2 scrolls of fog {unknown}
 w - a scroll of enchant armour {unknown}
Potions
 d - 2 potions of might
 i - 2 potions of curing
 o - 2 potions of berserk rage {unknown}
 p - 2 potions of brilliance {unknown}
 u - 2 potions of degeneration {unknown}
 v - a potion of heal wounds
Comestibles
 f - 9 rations


   Skills:
 + Level 7.1 Fighting
 + Level 2.7 Short Blades
 + Level 5.4 Long Blades
 + Level 2.7 Axes
 + Level 2.7 Maces & Flails
 + Level 2.7 Polearms
 + Level 2.7 Staves
 + Level 2.7 Slings
 + Level 2.7 Bows
 + Level 2.7 Crossbows
 + Level 2.7 Throwing
 + Level 7.1 Armour
 + Level 2.7 Dodging
 + Level 2.7 Stealth
 + Level 7.1 Shields
 + Level 2.7 Unarmed Combat
 + Level 2.7 Spellcasting
 + Level 2.2 Conjurations
 + Level 2.2 Hexes
 + Level 2.2 Charms
 + Level 2.2 Summonings
 + Level 2.2 Necromancy
 + Level 2.2 Translocations
 + Level 2.2 Transmutations
 + Level 2.2 Fire Magic
 + Level 2.2 Ice Magic
 + Level 2.2 Air Magic
 + Level 2.2 Earth Magic
 + Level 2.2 Poison Magic
 + Level 3.0 Invocations
 + Level 2.7 Evocations


You had 11 spell levels left.
You didn't know any spells.
Your spell library was empty.

Dungeon Overview and Level Annotations

Branches:
Dungeon (7/15)             Temple (1/1) D:4

Altars:
Cheibriados
Dithmenos
Fedhas
Gozag
Hepliaklqana
Makhleb
Okawaru
Ru
Sif Muna
Uskayaw
Vehumet
Wu Jian
Xom
Zin
The Shining One

Annotations:
D:5 exclusion: statue


Innate Abilities, Weirdness & Mutations

Your experience applies equally to all skills.
You have very sharp teeth.
Your uncanny sense of smell can sniff out nearby items.


Message History

The centaur shoots an arrow.
The arrow hits you but does no damage.
The centaur shoots an arrow.
The arrow hits you!
You see here 8 arrows.
The centaur shoots an arrow.
You block the arrow.
The centaur shoots an arrow.
You block the arrow.
The centaur shoots an arrow.
The arrow barely misses you.
The centaur shoots an arrow.
The arrow hits you.
The centaur shoots an arrow.
You block the arrow.
The centaur shoots an arrow.
The arrow hits you but does no damage.
The centaur shoots an arrow.
The arrow hits you.
* * * LOW HITPOINT WARNING * * *
You see here 8 arrows.
Unknown command.
The centaur shoots an arrow.
You block the arrow.
The centaur shoots an arrow.
The arrow hits you.
* * * LOW HITPOINT WARNING * * *
The centaur shoots an arrow.
You block the arrow.
The centaur shoots an arrow.
The arrow hits you!
* * * LOW HITPOINT WARNING * * *
The centaur shoots an arrow.
The arrow hits you.
You die...

#.####.###.......#
#.##.....#######.# #
#.##.#.#.#######.# #
#......#......>..# #
########.######### #
#.# ####### #.#
...(..#### #.#
##.......# ## #@#
##.##(#≈≈≈≈#?..#(####
##.##.≈≈≈≈≈≈≈≈.$.(((##
.#≈≈≈≈≈≈≈≈≈≈≈≈≈≈≈##.(#
≈≈≈≈≈≈≈≈≈≈≈≈≈≈≈≈≈≈≈≈.#
≈≈≈≈≈≈≈≈≈≈≈.c≈≈≈≈≈≈≈≈#
≈≈≈≈≈≈≈≈≈....cc≈≈≈≈≈≈#
≈≈≈≈≈≈≈≈......cc≈≈≈≈≈#
≈≈≈≈≈≈≈≈..#'#..c≈≈≈≈≈#


You could see 5 centaurs.

Vanquished Creatures
  An ice beast (D:7)
  2 ogres
  3 bullfrogs (D:6)
  A hound (D:6)
  A bullfrog skeleton (D:4)
  2 iguanas
  2 orc wizards (D:6)
  A worker ant (D:6)
  A hound zombie (D:5)
  A hound skeleton (D:5)
  4 adders
  An adder skeleton (D:4)
  A worm (D:2)
  2 dart slugs
  6 leopard geckos
  4 orcs (D:6)
  2 ball pythons
  4 giant cockroaches
  4 goblins
  7 hobgoblins
  14 jackals
  10 kobolds
  A quokka (D:4)
  16 bats
  6 frilled lizards
  A jackal skeleton (D:5)
  A quokka skeleton (D:4)
  12 rats
111 creatures vanquished.

Notes
Turn   | Place    | Note
-------+----------+-------------------------------------------
     0 | D:1      | Peloso the Gnoll Fighter began the quest for the Orb.
     0 | D:1      | Reached XP level 1. HP: 23/23 MP: 1/1
   101 | D:1      | Reached XP level 2. HP: 28/29 MP: 2/2
   400 | D:1      | Reached XP level 3. HP: 34/35 MP: 3/3
   752 | D:2      | Found a sacrificial altar of Ru.
   773 | D:2      | Reached skill level 1 in Invocations
   904 | D:2      | Reached skill level 1 in Short Blades
   904 | D:2      | Reached skill level 1 in Axes
   904 | D:2      | Reached skill level 1 in Maces & Flails
   904 | D:2      | Reached skill level 1 in Polearms
   904 | D:2      | Reached skill level 1 in Staves
   904 | D:2      | Reached skill level 1 in Slings
   904 | D:2      | Reached skill level 1 in Bows
   904 | D:2      | Reached skill level 1 in Crossbows
   904 | D:2      | Reached skill level 1 in Throwing
   904 | D:2      | Reached skill level 1 in Dodging
   904 | D:2      | Reached skill level 1 in Stealth
   904 | D:2      | Reached skill level 1 in Unarmed Combat
   904 | D:2      | Reached skill level 1 in Spellcasting
   904 | D:2      | Reached skill level 1 in Evocations
   911 | D:2      | Reached XP level 4. HP: 39/41 MP: 5/5
  1560 | D:3      | Reached skill level 1 in Conjurations
  1560 | D:3      | Reached skill level 1 in Hexes
  1560 | D:3      | Reached skill level 1 in Charms
  1560 | D:3      | Reached skill level 1 in Summonings
  1560 | D:3      | Reached skill level 1 in Necromancy
  1560 | D:3      | Reached skill level 1 in Translocations
  1560 | D:3      | Reached skill level 1 in Transmutations
  1560 | D:3      | Reached skill level 1 in Fire Magic
  1560 | D:3      | Reached skill level 1 in Ice Magic
  1560 | D:3      | Reached skill level 1 in Air Magic
  1560 | D:3      | Reached skill level 1 in Earth Magic
  1560 | D:3      | Reached skill level 1 in Poison Magic
  1692 | D:3      | Found a blossoming altar of Fedhas.
  1850 | D:3      | Found a glowing golden altar of the Shining One.
  1978 | D:4      | Noticed an ogre
  1986 | D:4      | Killed an ogre
  1986 | D:4      | Reached XP level 5. HP: 23/47 MP: 5/7
  2225 | D:4      | Reached XP level 6. HP: 48/53 MP: 8/8
  2402 | D:4      | Found a staircase to the Ecumenical Temple.
  2492 | Temple   | Entered the Ecumenical Temple
  2605 | Temple   | Became a worshipper of Warmaster Okawaru
  2749 | D:5      | Entered Level 5 of the Dungeon
  2845 | D:5      | Reached skill level 5 in Long Blades
  3152 | D:5      | Found a radiant altar of Vehumet.
  3463 | D:5      | Found a shadowy altar of Dithmenos.
  3583 | D:6      | Reached XP level 7. HP: 59/59 MP: 10/10
  4239 | D:6      | Found a shimmering blue altar of Sif Muna.
  4327 | D:7      | Reached * piety under Okawaru
  4682 | D:7      | HP: 2/60 [centaur/arrow (11)]
  4682 | D:7      | Shot with an arrow by a centaur

Levels and vault maps discovered:
D:1:      tarquinn_simple_flora_water_d, layout_loops_cross
D:2:      layout_basic, hangedman_ru_absence
D:3:      layout_rooms, tso_metal_star, fedhas_altar_2, minivault_24,
          patterned_corridor
D:4:      layout_rooms, minmay_temple_entry_antechambers, first_ration
D:5:      layout_loops_ring, marbit_many_paths, vehumet_statue
D:6:      layout_loops_ring, led_sif_pool
D:7:      layout_loops_cross, centaur_isle
Temple:   regret_index_temple_generic_petals

Skill      XL: |  1  2  3  4  5  6  7 |
---------------+----------------------+-----
Invocations    | 1 2 3 |  3.0
Short Blades   | 1 2 |  2.7
Axes           | 1 2 |  2.7
Maces & Flails | 1 2 |  2.7
Polearms       | 1 2 |  2.7
Staves         | 1 2 |  2.7
Slings         | 1 2 |  2.7
Bows           | 1 2 |  2.7
Crossbows      | 1 2 |  2.7
Throwing       | 1 2 |  2.7
Dodging        | 1 2 |  2.7
Stealth        | 1 2 |  2.7
Unarmed Combat | 1 2 |  2.7
Spellcasting   | 1 2 |  2.7
Evocations     | 1 2 |  2.7
Conjurations   | 1 2 |  2.2
Hexes          | 1 2 |  2.2
Charms         | 1 2 |  2.2
Summonings     | 1 2 |  2.2
Necromancy     | 1 2 |  2.2
Translocations | 1 2 |  2.2
Transmutations | 1 2 |  2.2
Fire Magic     | 1 2 |  2.2
Ice Magic      | 1 2 |  2.2
Air Magic      | 1 2 |  2.2
Earth Magic    | 1 2 |  2.2
Poison Magic   | 1 2 |  2.2
Long Blades    | 5 |  5.4
Fighting       | 7 |  7.1
Armour         | 7 |  7.1
Shields        | 7 |  7.1

Action                   |  1- 3 |  4- 6 |  7- 9 || total
-------------------------+-------+-------+-------++-------
Melee: Long sword        |   120 |   150 |    73 ||   343
       Bite              |    13 |    23 |    11 ||    47
  Use: Potion            |       |       |     2 ||     2
  Eat: Chunk             |       |     7 |     3 ||    10
       Ration            |       |       |     1 ||     1
Armor: Scale mail        |    57 |    46 |       ||   103
       Chain mail        |       |    13 |    42 ||    55
Dodge: Dodged            |    41 |    54 |    16 ||   111
Block: Shield            |    96 |   105 |    65 ||   266
       Rpst.: Long sword |    19 |    21 |     3 ||    43
